 Dungeon Crawl Stone Soup version 0.19-a0-944-gb338e1e (webtiles) character file.

13325 Kurtz the Basher (level 11, -2/81 HPs)
             Began as a Mummy Berserker on July 9, 2016.
             Was a High Priest of Trog.
             Slain by a small abomination (11 damage)
             ... on level 2 of the Abyss.
             The game lasted 00:22:30 (16048 turns).

Kurtz the Basher (Mummy Berserker)                 Turns: 16048, Time: 00:22:31

Health: -2/81      AC: 21    Str: 23 (24) XL:     11   Next: 74%
Magic:  0/11       EV:  8    Int: 10 (11) God:    Trog [*****.]
Gold:   431        SH:  0    Dex: 12      Spells: 0 memorised, 10 levels left

rFire  . . .     SeeInvis +     h - +2 morningstar (protect)
rCold  . . .     Gourm    .     F - +0 plate armour
rNeg   + + +     Faith    .     (no shield)
rPois  ∞         Spirit   +     k - +0 helmet "Liama" {MR+ Str+2 Dex-2}
rElec  .         Dismiss  .     A - +0 cloak
rCorr  .         Reflect  .     (no gloves)
SustAt .         Harm     .     c - +1 pair of boots
MR     +++++                    J - amulet of guardian spirit
Stlth  ..........               f - ring "Ukac" {rF+ rC- MR+ Int+5}
                                d - ring of see invisible

@: very slightly contaminated, regenerating, almost entirely resistant to
hostile enchantments, extremely unstealthy
A: no food or potions, fire vulnerability, cold resistance 1, negative energy
resistance 3, torment resistance, unbreathing
a: Trog's Hand, Brothers in Arms, Burn Spellbooks, Renounce Religion


You were on level 2 of the Abyss.
You worshipped Trog.
Trog was extremely pleased with you.
You were not hungry.

You visited 2 branches of the dungeon, and saw 11 of its levels.
You visited the Abyss 1 time.

You collected 713 gold pieces.
You spent 282 gold pieces at shops.

Inventory:

Hand Weapons
 a - a +0 mace
 h - a +2 morningstar of protection (weapon)
 p - a +0 blowgun
 u - a +0 flail
 C - a +2 flail of draining
Missiles
 m - 15 tomahawks
 q - 23 poisoned needles
 D - 2 javelins (quivered)
Armour
 c - a +1 pair of boots (worn)
 k - the +0 helmet "Liama" (worn) {MR+ Str+2 Dex-2}
   (You took it off Robin on level 2 of the Dungeon)

   It affects your strength (+2).
   It affects your dexterity (-2).
   It affects your resistance to hostile enchantments.
 t - a +0 chain mail
 A - a +0 cloak (worn)
 F - a +0 plate armour (worn)
Jewellery
 d - a ring of see invisible (left hand)
 f - the ring "Ukac" (right hand) {rF+ rC- MR+ Int+5}
   (You found it on level 7 of the Dungeon)

   [ring of protection from fire]

   It affects your intelligence (+5).
   It protects you from fire.
   It makes you vulnerable to cold.
   It affects your resistance to hostile enchantments.
 i - an uncursed ring of magical power
 v - an uncursed ring of resist corrosion
 J - an amulet of guardian spirit (around neck)
Wands
 b - a wand of enslavement (17/24)
 n - a wand of digging (0/24)
 y - a wand of disintegration (12/24)
 B - a wand of paralysis (0/24)
 E - a wand of slowing (35/48)
Scrolls
 e - 2 scrolls of enchant armour
 g - 2 scrolls of noise
 j - 5 scrolls of teleportation
 l - 3 scrolls of remove curse
 o - 4 scrolls of magic mapping
 r - 2 scrolls of fog
 s - 2 scrolls of immolation {unknown}
 w - 2 scrolls of brand weapon
 x - 2 scrolls of blinking
 z - 4 scrolls of random uselessness {unknown}
 G - 2 scrolls of enchant weapon {unknown}
 I - a scroll of identify


   Skills:
 - Level 6.1 Fighting
 * Level 13.6 Maces & Flails
 + Level 4.9 Armour
 * Level 4.7 Dodging


You had 10 spell levels left.
You didn't know any spells.

Dungeon Overview and Level Annotations

Branches:
Dungeon (10/15)            Temple (0/1) D:5            Lair (1/6) D:8
    Orc (0/2) D:9

Altars:
Dithmenos
Elyvilon
Okawaru
Pakellas
Qazlal
Sif Muna
Trog
Zin

Shops:
D:6 (   D:7 *(%*

Annotations:
Lair:1 Sonja


Innate Abilities, Weirdness & Mutations

You do not eat or drink.
Your flesh is vulnerable to fire.
You are immune to poison.
Your flesh is cold resistant. (rC+)
You are immune to negative energy. (rN+++)
You are immune to unholy pain and torment.
You can survive without breathing.


Message History

* * * LOW HITPOINT WARNING * * *
A fire bat comes into view.
The fire bat bites you but does no damage.
The small abomination hits you but does no damage.
A fire bat comes into view.
Blink to where?
Press: ? - help, Dir - move target cursor
As you read the scroll of blinking, it crumbles to dust.
A fire bat and a chaos spawn come into view.
The chaos spawn bleats!
The fire bat bites you but does no damage.
Your skin crawls.
You feel resistant to hostile enchantments.
The fire bat bites you but does no damage. x2
A small abomination comes into view.
A small abomination comes into view.
The fire bat bites you but does no damage.
The fire bat bites you but does no damage.
The small abomination hits you!
You die...

.## .. .. . # #.
##.#.#.# .. ##
#.##.. ..#..
..##. . ......#
##.#.X.#..#..
#..xx#..#.......#
x3#.@###...#####
#.##b.###....#
#.#.##..## x#.##
.. #...##..#x#..#
.#....b.....#..#
..
##...#b#.##2#.#
#.#### ..x#.### #
.#. 2## ######


You could see 2 small abominations and a fire bat.

Vanquished Creatures
  2 hydras
  A centaur warrior (D:10)
  A death yak (D:9)
  An unseen horror (D:9)
  A centaur zombie (D:10)
  A queen bee (D:8)
  A polar bear (D:10)
  2 trolls (D:9)
  A two-headed ogre (D:10)
  8 yaks
  A wraith (D:10)
  4 hippogriffs
  2 water moccasins
  An orc warrior (D:8)
  3 sky beasts
  3 ice beasts
  2 phantoms
  2 black bears
  8 centaurs
  A wasp (D:9)
  5 ogres
  A big kobold (D:10)
  9 giant frogs
  A wyvern zombie (D:9)
  A water moccasin zombie (D:7)
  2 scorpions
  19 killer bees
  9 wights
  5 howler monkeys
  An electric eel (D:10)
  9 crimson imps
  A giant frog zombie (D:10)
  A wasp zombie (D:9)
  4 hounds
  A quasit (D:8)
  6 orc priests
  2 centaur skeletons (D:8)
  7 iguanas
  11 orc wizards
  13 worker ants
  2 giant frog simulacra (D:10)
  A hound skeleton (D:8)
  Robin (D:2)
  8 gnolls
  11 adders
  A shadow imp (D:3)
  2 white imps (D:10)
  A howler monkey simulacrum (D:10)
  A worker ant simulacrum (D:10)
  An ooze (D:4)
  2 worms
  2 dart slugs
  7 giant geckos
  60 orcs
  6 giant cockroaches
  17 goblins
  14 hobgoblins
  33 jackals
  13 kobolds
  6 quokkas
  2 ball pythons
  8 bats
  A giant gecko zombie (D:8)
  3 giant newts
  A jackal skeleton (D:8)
  3 quokka zombies
  12 rats
373 creatures vanquished.

Vanquished Creatures (collateral kills)
  A hippogriff (D:8)
  2 orc warriors
  A killer bee (D:8)
  An electric eel (D:10)
  A howler monkey (D:8)
  3 orc wizards
  3 orcs
  A jackal (D:8)
13 creatures vanquished.

Vanquished Creatures (others)
  An orc (D:9)
  2 starspawn tentacles (Abyss:2)
  A starspawn tentacle segment (Abyss:2)
4 creatures vanquished.

Grand Total: 390 creatures vanquished

Notes
Turn   | Place    | Note
-------+----------+-------------------------------------------
     0 | D:1      | Kurtz the Mummy Berserker began the quest for the Orb.
     0 | D:1      | Reached XP level 1. HP: 18/18 MP: 1/1
   166 | D:1      | Reached XP level 2. HP: 16/24 MP: 2/2
   179 | D:1      | Reached skill level 3 in Maces & Flails
   863 | D:1      | Reached ** piety under Trog
  1296 | D:2      | Reached XP level 3. HP: 29/29 MP: 3/3
  1551 | D:2      | Found a faded altar of an unknown god.
  1567 | D:2      | Noticed Robin
  1594 | D:2      | HP: 1/29 [hobgoblin/club (4)]
  1630 | D:2      | Reached skill level 4 in Maces & Flails
  1630 | D:2      | Reached XP level 4. HP: 20/35 MP: 4/4
  1667 | D:2      | Killed Robin
  1678 | D:2      | Got a spiked helmet
  1684 | D:2      | Identified the cursed +0 helmet "Liama" {MR+ Str+2 Dex-2} (You took it off Robin on level 2 of the Dungeon)
  2106 | D:2      | Found an oddly glowing altar of Pakellas.
  2462 | D:3      | Reached XP level 5. HP: 37/41 MP: 5/5
  2479 | D:3      | Found a stormy altar of Qazlal.
  2481 | D:3      | Found a glowing silver altar of Zin.
  2481 | D:3      | Found a bloodstained altar of Trog.
  2484 | D:3      | Found a shadowy altar of Dithmenos.
  2497 | D:3      | Reached *** piety under Trog
  2548 | D:3      | Reached skill level 5 in Maces & Flails
  3302 | D:4      | Reached XP level 6. HP: 47/47 MP: 6/6
  3402 | D:4      | Reached **** piety under Trog
  3433 | D:4      | Reached skill level 6 in Maces & Flails
  3947 | D:5      | Entered Level 5 of the Dungeon
  4089 | D:5      | Reached XP level 7. HP: 35/52 MP: 7/7
  4270 | D:5      | HP: 1/52 [orc priest/divine providence (17)]
  4317 | D:5      | Reached skill level 7 in Maces & Flails
  4890 | D:5      | Found a staircase to the Ecumenical Temple.
  5366 | D:6      | Reached skill level 8 in Maces & Flails
  5491 | D:6      | Reached XP level 8. HP: 20/58 MP: 8/8
  5903 | D:6      | Found an iron altar of Okawaru.
  6205 | D:6      | Reached skill level 9 in Maces & Flails
  6218 | D:6      | Found Gujai's Antique Weapon Shop.
  7171 | D:7      | Reached skill level 10 in Maces & Flails
  7214 | D:7      | Reached XP level 9. HP: 31/64 MP: 9/9
  7408 | D:7      | Got a clouded pewter ring
  7419 | D:7      | Identified the ring "Ukac" {rF+ rC- MR+ Int+5} (You found it on level 7 of the Dungeon)
  7455 | D:7      | Found Lutir Hum's Antique Weapon Emporium.
  7494 | D:7      | Found Oxtil's General Store.
  7500 | D:7      | Found Kenge's General Store.
  7679 | D:7      | Bought a scroll of identify for 26 gold pieces
  7699 | D:7      | Found Zufayri's Food Shop.
  7727 | D:7      | Bought a +2 flail of draining for 256 gold pieces
  8592 | D:8      | Reached ***** piety under Trog
  8682 | D:8      | Reached skill level 11 in Maces & Flails
  8830 | D:8      | Found a deep blue altar of Sif Muna.
  9075 | D:8      | Reached skill level 5 in Fighting
  9147 | D:8      | Reached XP level 10. HP: 59/74 MP: 10/10
  9184 | D:8      | Found a staircase to the Lair.
 10177 | D:9      | Found a white marble altar of Elyvilon.
 10424 | D:9      | Reached skill level 12 in Maces & Flails
 10467 | D:9      | Found a staircase to the Orcish Mines.
 10857 | D:9      | Received a gift from Trog
 11533 | D:10     | Entered Level 10 of the Dungeon
 11536 | D:10     | Noticed a four-headed hydra
 11600 | D:10     | Noticed a death yak
 11604 | D:10     | Noticed an unseen horror
 11999 | D:9      | Killed an unseen horror
 12484 | D:9      | Killed a death yak
 12484 | D:9      | Reached XP level 11. HP: 65/81 MP: 11/11
 12740 | D:10     | Reached skill level 13 in Maces & Flails
 12863 | D:10     | Killed a four-headed hydra
 15219 | D:10     | Noticed a centaur warrior
 15231 | D:10     | Killed a centaur warrior
 15550 | Lair:1   | Entered Level 1 of the Lair of Beasts
 15550 | Lair:1   | Noticed an eight-headed hydra
 15559 | Lair:1   | Killed an eight-headed hydra
 15939 | Lair:1   | Noticed Sonja
 15950 | Lair:1   | Cast into level 2 of the Abyss (Sonja)
 15995 | Abyss:2  | Noticed a large abomination
 16002 | Abyss:2  | Noticed a wretched star
 16005 | Abyss:2  | Noticed a starcursed mass
 16010 | Abyss:2  | Noticed a tentacled starspawn
 16015 | Abyss:2  | Noticed a wretched star
 16041 | Abyss:2  | HP: 3/81 [starcursed mass/accursed screaming (7)]
 16048 | Abyss:2  | Slain by a small abomination

Vault maps used:
D:1:      lemuel_arrival_broad_hall
D:2:      johnstein_pakellas_dig, first_bread, ecumenical_altar_2, uniq_robin
D:3:      grunt_temple_overflow_open, dk_noncrumbling_4
D:5:      grunt_ministairs_5
D:6:      basic_altar, serial_shops, shop
D:7:      serial_shops, nicolae_shop_behind_doors, shop, shop,
          nicolae_shop_statue_plus
D:8:      lemuel_coloured_pillars_altar, lair_0_dummy, david_nohive_1
D:9:      hiddenorc2_lemuel, basic_altar
D:10:     serial_ice, serial_ice_l, serial_ice_m, serial_ice_d, serial_ice_n
Lair:1:   grunt_megastairs_3, uniq_sonja
Abyss:2:  hangedman_decor_lopped, serial_sigils_hangedman_shear

Skill      XL: |  1  2  3  4  5  6  7  8  9 10 11 |
---------------+----------------------------------+-----
Maces & Flails | 3 4 5 6 8 10 11 12 13 | 13.6
Dodging        | 2 3 4 |  4.7
Fighting       | 5 6 |  6.1
Armour         | 2 4 |  4.9

Action                   |  1- 3 |  4- 6 |  7- 9 | 10-12 || total
-------------------------+-------+-------+-------+-------++-------
Melee: Mace              |   128 |   254 |       |       ||   382
       Flail             |       |    45 |   585 |   216 ||   846
       Morningstar       |       |       |       |   401 ||   401
 Fire: Blowgun           |       |     3 |       |    31 ||    34
Throw: Tomahawk          |       |       |     3 |     3 ||     6
       Javelin           |       |       |       |     1 ||     1
Invok: Trog's Hand       |     2 |     2 |     5 |     2 ||    11
       Brothers in Arms  |       |       |     2 |     2 ||     4
       Burn Spellbooks   |       |       |       |     2 ||     2
Evoke: Wand              |       |       |     3 |     9 ||    12
       Box of beasts     |       |       |       |     1 ||     1
  Use: Scroll            |       |     3 |     9 |     6 ||    18
 Stab: Paralysed         |       |       |     2 |     2 ||     4
Armor: Animal skin       |    19 |       |       |       ||    19
       Scale mail        |    57 |   134 |       |       ||   191
       Chain mail        |       |    36 |   277 |       ||   313
       Plate armour      |       |       |    46 |   442 ||   488
Dodge: Dodged            |   109 |   199 |   226 |   222 ||   756
